Map: Magannatha LE

Players

SubN

  • Race: Zerg Zerg
  • League: Diamond
  • Spawn Location: 11:00

Soonerrad - Winner!

  • Race: Protoss Protoss
  • League: Diamond
  • Spawn Location: 5:00

VOD

Have the link to the VOD?

Description

Time

  • Played on: July 31, 2025, 1:09 p.m.
  • Length: 5:05
Show
View Real Time Build Order
Export as new Build Order

SubN Zerg 

Build Orders: Hatch First 

Get SALT Encoding   

  12  0:00  Drone  
  13  0:08  Drone  
  13  0:13  Extractor  
  13  0:15  Drone  
  15  0:35  Hatchery  
  14  0:43  Overlord  
  14  1:03  Spawning Pool  
  13  1:04  Drone  
  13  1:06  Drone  
  13  1:10  Drone  
  16  1:20  Drone  
  17  1:26  Drone  
  18  1:35  Extractor  
  17  1:51  Queen  
  17  1:52  Queen  
  17  1:54  Zergling x4  
  23  2:10  Overlord  
  23  2:11  Drone x4  
  27  2:25  Drone  
  27  2:28  Drone  
  29  2:34  Queen  
  31  2:51  Hatchery  
  30  3:04  Zergling x2  
  30  3:15  Drone x5  
  30  3:18  Lair  
  35  3:25  Roach Warren  
  34  3:33  Drone  
  35  3:35  Overlord  
  35  3:39  Overlord  
  35  3:45  Overlord  
  35  4:01  Queen  
  36  4:04  Drone x9  
  45  4:16  Queen  
  47  4:17  Overlord  
  47  4:29  Drone  
  48  4:32  Drone x3, Extractor  
  48  4:36  Extractor  
  49  4:47  Overlord x2  
Show
View Real Time Build Order
Export as new Build Order

Soonerrad Protoss - Winner!

Build Orders: 1 Gate Expand, Dark Templar Rush 

Get SALT Encoding   

  12  0:00  Probe  
  13  0:12  Probe  
  14  0:18  Pylon  
  14  0:24  Probe  
  15  0:37  Probe  
  15  0:40  Gateway  
  16  0:45  Probe  
  16  0:49  Assimilator  
  17  0:53  Probe  
  17  1:03  Probe  
  19  1:15  Probe  
  20  1:27  Nexus  
  20  1:38  Cybernetics Core  
  20  1:43  Assimilator  
  20  1:44  Probe  
  21  1:52  Pylon  
  21  1:53  Probe  
  22  2:01  Probe  
  22  2:06  Adept  
  23  2:13  Probe  
  24  2:16  Warp Gate  
  26  2:25  Probe, Stalker, Twilight Council  
  30  2:37  Probe  
  30  2:39  Probe  
  31  2:49  Probe  
  32  2:51  Probe  
  32  2:53  Robotics Facility  
  33  3:01  Probe  
  34  3:06  Probe  
  34  3:10  Adept  
  35  3:13  Probe  
  35  3:15  Pylon  
  35  3:18  Probe  
  39  3:20  Shield Battery  
  39  3:25  Probe  
  40  3:30  Probe  
  41  3:37  Probe  
  41  3:40  Dark Shrine  
  42  3:44  Gateway, Probe  
  42  3:47  Gateway  
  43  3:50  Warp Prism  
  43  3:52  Probe  
  44  3:58  Probe  
  45  4:05  Probe, Adept  
  45  4:09  Assimilator  
  48  4:11  Assimilator  
  48  4:12  Pylon  
  48  4:13  Probe  
  48  4:15  Probe  
  50  4:26  Observer, Probe  
  52  4:36  Probe  
  53  4:46  Probe  
  53  4:51  Dark Templar x2  
  53  4:52  Dark Templar  
  60  4:59  Pylon  
  60  5:00  Gateway  
  60  5:03  Gateway  
Tags
 
Add a new tag
Caveats
  • Supply blocks, unpowered buildings, or Contaminate may cause inaccurate times.
  • Supply counts are checked every 10 seconds.